 Dungeon Crawl Stone Soup version 0.21-a0-200-gb89f83b (webtiles) character file.

2068 MackTheKnife the Slicer (level 9, -8/75 HPs)
             Began as a Human Wanderer on Aug 16, 2017.
             Was a Believer of Trog.
             Killed from afar by a gargoyle (23 damage)
             ... with a stone arrow
             ... on level 8 of the Dungeon.
             The game lasted 00:07:36 (6506 turns).

MackTheKnife the Slicer (Human Wanderer)            Turns: 6506, Time: 00:07:37

Health: -8/75      AC:  8    Str: 17    XL:     9   Next: 50%
Magic:  10/10      EV: 10    Int: 15    God:    Trog [**....]
Gold:   539        SH:  0    Dex: 14    Spells: 10/10 levels left

rFire    + + .     SeeInvis .   s - +3 dagger (drain)
rCold    + + .     Gourm    .   (no shield)
rNeg     + . .     Faith    .   e - +0 ring mail
rPois    .         Spirit   .   C - +2 hat
rElec    .         Reflect  .   w - +0 cloak
rCorr    .         Harm     .   (no gloves)
MR       +....                  (no boots)
Stlth    +.........             (no amulet)
HPRegen  0.22/turn              D - ring "Cepnidu" {rF+ rC++ rN+ MR+}
MPRegen  0.12/turn              z - ring of Yxzoschesch {rF+ Str+4 Int+3 Dex-2}

@: berserk cooldown, slowed, very slow
A: no striking features
a: Berserk, Trog's Hand, Burn Spellbooks, Renounce Religion


You were on level 8 of the Dungeon.
You worshipped Trog.
Trog was pleased with you.
You were very hungry.

You visited 2 branches of the dungeon, and saw 9 of its levels.

You collected 539 gold pieces.

Inventory:

Hand Weapons
 s - a +3 dagger of draining (weapon)
   (You took it off a goblin on level 2 of the Dungeon)
Missiles
 A - 2 throwing nets {=f, !d}
Armour
 e - a +0 ring mail (worn)
   (You found it on level 1 of the Dungeon)
 w - a +0 cloak (worn)
   (You took it off Crazy Yiuf on level 2 of the Dungeon)
 C - a +2 hat (worn)
   (You found it on level 5 of the Dungeon)
Jewellery
 z - the ring of Yxzoschesch (right hand) {rF+ Str+4 Int+3 Dex-2}
   (You found it on level 5 of the Dungeon)

   [ring of intelligence]

   It affects your strength (+4).
   It affects your intelligence (+3).
   It affects your dexterity (-2).
   It protects you from fire.
 D - the ring "Cepnidu" (left hand) {rF+ rC++ rN+ MR+}
   (You found it on level 6 of the Dungeon)

   [ring of protection from fire]

   It protects you from fire.
   It greatly protects you from cold.
   It protects you from negative energy.
   It affects your resistance to hostile enchantments.
Wands
 c - a wand of random effects (14/48)
 k - a wand of paralysis (13/24)
   (You found it on level 5 of the Dungeon)
 r - a wand of paralysis (4/24)
   (You found it on level 5 of the Dungeon)
 x - a wand of confusion (14/48)
   (You found it on level 3 of the Dungeon)
Scrolls
 d - a scroll of immolation {unknown}
 i - a scroll of amnesia {unknown}
 j - 4 scrolls of remove curse
 q - 2 scrolls of teleportation
 u - 3 scrolls of enchant weapon
 v - 2 scrolls of fear {unknown}
 y - 3 scrolls of enchant armour
 F - a scroll of blinking {!r}
 G - a scroll of recharging
Potions
 a - a potion of berserk rage {!q}
 l - 4 potions of cancellation
 m - 4 potions of brilliance
 n - 2 potions of heal wounds
 t - 2 potions of flight
 I - a potion of lignification {!q}
Comestibles
 b - 2 meat rations {@e2}
 f - 3 bread rations {@e1}
 h - 11 fruits
 B - 2 royal jellies


   Skills:
 + Level 8.4 Fighting
 + Level 8.6 Short Blades
 - Level 1.0 Dodging
 - Level 1.0 Stealth
 - Level 1.0 Spellcasting
   Level 1.0 Transmutations
   Level 3.0 Air Magic
 - Level 1.0 Evocations


You had 10 spell levels left.
You didn't know any spells.

Dungeon Overview and Level Annotations

Branches:
Dungeon (8/15)             Temple (1/1) D:4
   Lair: D:8-11

Altars:
Ashenzari
Elyvilon
Fedhas
Gozag
Hepliaklqana
Kikubaaqudgha
Makhleb
Nemelex Xobeh
Okawaru
Ru
Sif Muna
Trog
Uskayaw
Vehumet
Wu Jian
Xom
Yredelemnul
Zin
The Shining One


Message History

You feel a strong urge to attack something.
You see here a bullfrog corpse.
You butcher the bullfrog corpse.
You are no longer berserk.
You are exhausted.
You feel yourself slow down.
g - 2 chunks of flesh {@w0} You now have 75/75 hp.
Eating one of 2 chunks of flesh {@w0}.
You eat one of the 2 chunks of flesh {@w0}.
Okay, then.
A gargoyle comes into view. It is wielding a mace.
A gargoyle is nearby!
A gargoyle is nearby!
A gargoyle is nearby!
The gargoyle hurls a stone arrow at you.
The stone arrow misses you. The gargoyle hits you with a mace!
You take 12 damage, and have 63/75 hp.
You hit the gargoyle but do no damage.
You feel yourself speed up. The gargoyle hits you with a mace!
You take 16 damage, and have 47/75 hp.
MASSIVE DAMAGE!!
The gargoyle hurls a stone arrow at you.
The stone arrow hits you!
You take 14 damage, and have 33/75 hp.
You feel yourself speed up.
The gargoyle hurls a stone arrow at you.
The stone arrow hits you!
* * * LOW HITPOINT WARNING * * *
You take 27 damage, and have 6/75 hp.
MASSIVE DAMAGE!!
You recover from your berserk rage.
There is a stone staircase leading up here.
You climb upwards.
There is a stone staircase leading down here.
You start resting.
Your extra speed is starting to run out.
You regained 3 hp, and now have 12/75 hp.
You start resting.
You feel yourself slow down.
You start resting.
Eating a chunk of flesh {@w0}.
You eat the chunk of flesh {@w0}.
Unknown command.
You start waiting.
A hungry ghost comes into view.
Unknown command.
Health restored: 75 You climb downwards.
There is a stone staircase leading up here.
A red film seems to cover your vision as you go berserk!
You feel yourself moving faster!
You feel mighty!
You are feeling very hungry.
You now have 112/112 hp.
You hit the gargoyle but do no damage. You barely miss the gargoyle.
You hit the gargoyle but do no damage. The gargoyle hits you with a mace!
You take 7 damage, and have 105/112 hp.
You barely miss the gargoyle. You hit the gargoyle.
You hit the gargoyle but do no damage.
The gargoyle hits you but does no damage.
You hit the gargoyle. You hit the gargoyle but do no damage.
You hit the gargoyle but do no damage. The gargoyle hits you with a mace!
You take 9 damage, and have 97/112 hp.
You hit the gargoyle but do no damage. You hit the gargoyle but do no damage.
You closely miss the gargoyle.
The gargoyle hurls a stone arrow at you.
The stone arrow hits you!
You take 17 damage, and have 80/112 hp.
You hit the gargoyle. You hit the gargoyle.
You hit the gargoyle but do no damage.
The gargoyle hurls a stone arrow at you.
The stone arrow misses you.
You hit the gargoyle. You hit the gargoyle but do no damage.
You hit the gargoyle but do no damage. The gargoyle hits you with a mace!
You take 14 damage, and have 67/112 hp.
You puncture the gargoyle! You hit the gargoyle but do no damage.
You hit the gargoyle but do no damage.
You are no longer berserk.
You are exhausted.
You feel yourself slow down.
The gargoyle hurls a stone arrow at you.
The stone arrow hits you!
You now have 29/75 hp.
You hit the gargoyle.
The gargoyle hurls a stone arrow at you.
The stone arrow hits you!
* * * LOW HITPOINT WARNING * * *
You take 15 damage, and have 14/75 hp.
You hit the gargoyle but do no damage.
The gargoyle hurls a stone arrow at you.
The stone arrow hits you!
You die...

#. .# ...####..## #.#.#
#.......... #.#.#
##........### #.#.#
..#......... #.#.# ###
#.........## ..#.# #.#
#..........# #.#)####.#
#..........#
.........####..9.(.....#
#.#9####.#....##@......#
#9#...##.#.#####......##
#.###.##...# #.<....#
#.. #.....## #......#
....#####.# #......#
#.... #.# ########
....## #.# ..... #.#
.##### #.#


You could see a gargoyle.

Vanquished Creatures
  A sky beast (D:7)
  2 orc warriors
  2 phantoms
  2 ogres
  4 bullfrogs
  A gnoll sergeant (D:6)
  4 wights (D:5)
  2 crimson imps
  Crazy Yiuf (D:2)
  3 hounds
  2 orc priests (D:4)
  A bullfrog skeleton (D:6)
  A centaur skeleton (D:4)
  2 iguanas (D:7)
  Natasha (thrice) (D:2)
  5 orc wizards
  3 worker ants
  A killer bee zombie (D:6)
  A hound zombie (D:7)
  A worker ant zombie (D:6)
  6 adders
  10 gnolls
  5 shadow imps
  2 oozes
  An adder zombie (D:7)
  2 adder skeletons
  3 worms (D:4)
  2 dart slugs
  5 leopard geckos
  10 orcs
  A ball python (D:5)
  5 giant cockroaches
  9 goblins
  4 hobgoblins
  12 jackals
  5 kobolds
  2 quokkas
  3 bats
  5 frilled lizards
  3 rats (D:1)
137 creatures vanquished.

Notes
Turn   | Place    | Note
-------+----------+-------------------------------------------
     0 | D:1      | MackTheKnife the Human Wanderer began the quest for the Orb.
     0 | D:1      | MackTheKnife set off with: a +2 short sword, Fuege Zadd's Reference Book on the Blaze, a wand of random effects (15/48), a +0 robe, a bread ration {@e1}
     0 | D:1      | Reached XP level 1. HP: 13/13 MP: 2/2
     0 | D:1      | Identified Fuege Zadd's Reference Book on the Blaze
   424 | D:1      | Reached XP level 2. HP: 20/20 MP: 3/3
   447 | D:1      | Reached skill level 1 in Fighting
   675 | D:1      | Reached XP level 3. HP: 20/27 MP: 4/4
   712 | D:1      | Reached skill level 2 in Fighting
  1070 | D:2      | Found a runed door.
  1174 | D:2      | Noticed Natasha
  1180 | D:2      | Killed Natasha
  1180 | D:2      | Reached XP level 4. HP: 29/34 MP: 5/5
  1187 | D:2      | Reached skill level 3 in Short Blades
  1207 | D:2      | Noticed Natasha
  1218 | D:2      | Killed Natasha
  1218 | D:2      | Reached skill level 3 in Fighting
  1218 | D:2      | Reached XP level 5. HP: 29/41 MP: 6/6
  1367 | D:2      | Found a glowing silver altar of Zin.
  1856 | D:2      | Noticed Natasha
  1862 | D:2      | Killed Natasha
  1883 | D:2      | Noticed Crazy Yiuf
  1888 | D:2      | Killed Crazy Yiuf
  2074 | D:3      | Reached skill level 4 in Short Blades
  2222 | D:3      | Reached XP level 6. HP: 45/48 MP: 7/7
  2553 | D:4      | Reached skill level 4 in Fighting
  2686 | D:4      | Noticed a phantom
  2727 | D:4      | Killed a phantom
  2792 | D:4      | Reached XP level 7. HP: 29/55 MP: 8/8
  3084 | D:4      | Reached skill level 5 in Short Blades
  3115 | D:4      | Reached skill level 5 in Fighting
  3422 | D:4      | Found a staircase to the Ecumenical Temple.
  3433 | Temple   | Entered the Ecumenical Temple
  3471 | Temple   | Became a worshipper of Trog the Wrathful
  3697 | D:5      | Entered Level 5 of the Dungeon
  3716 | D:5      | Reached skill level 6 in Short Blades
  4093 | D:5      | Got a heavily runed platinum ring
  4165 | D:5      | Reached XP level 8. HP: 62/64 MP: 9/9
  4190 | D:5      | Reached skill level 6 in Fighting
  4744 | D:5      | Identified the ring of Yxzoschesch {rF+ Str+4 Int+3 Dex-2} (You found it on level 5 of the Dungeon)
  4842 | D:6      | Reached skill level 7 in Short Blades
  4935 | D:6      | Reached * piety under Trog
  4965 | D:6      | Got a twitching silver ring
  5032 | D:6      | Reached skill level 7 in Fighting
  5491 | D:7      | Reached XP level 9. HP: 72/72 MP: 10/10
  5582 | D:7      | Reached skill level 8 in Short Blades
  5608 | D:7      | Identified the ring "Cepnidu" {rF+ rC++ rN+ MR+} (You found it on level 6 of the Dungeon)
  5721 | D:7      | Reached skill level 8 in Fighting
  5724 | D:7      | Reached ** piety under Trog
  5761 | D:7      | Found a hide-covered altar of Uskayaw.
  6112 | D:8      | Noticed a gargoyle
  6121 | D:8      | HP: 6/75 [gargoyle/stone arrow (27)]
  6505 | D:8      | HP: 14/75 [gargoyle/stone arrow (15)]
  6506 | D:8      | Killed from afar by a gargoyle

Vault maps used:
D:1:      lemuel_arrival_lava_pool
D:2:      lemuel_statue_altar, uniq_crazy_yiuf_cottage, uniq_natasha
D:4:      minmay_temple_entry_enclosed_plants, first_bread
D:7:      old_standard_altar
D:8:      corexii_shack_village, uniq_grum, uniq_erica
Temple:   kilobyte_greek_temple

Skill      XL: |  1  2  3  4  5  6  7  8  9 |
---------------+----------------------------+-----
Fighting       | 1 2 3 4 5 7 8 |  8.4
Short Blades   | 3 4 6 7 8 |  8.6
Dodging        | |  1.0
Stealth        | |  1.0
Spellcasting   | |  1.0
Transmutations | |  1.0
Air Magic      | |  3.0
Evocations     | |  1.0

Action                   |  1- 3 |  4- 6 |  7- 9 || total
-------------------------+-------+-------+-------++-------
Melee: Short sword       |    99 |       |       ||    99
       Dagger            |     6 |   149 |   443 ||   598
Invok: Burn Spellbooks   |       |       |     1 ||     1
       Berserk           |       |       |     5 ||     5
Evoke: Wand              |       |     1 |     6 ||     7
  Use: Potion            |       |       |     5 ||     5
       Scroll            |       |       |    11 ||    11
 Stab: Paralysed         |       |     2 |       ||     2
       Confused          |       |       |     1 ||     1
  Eat: Chunk             |     1 |     4 |    12 ||    17
       Bread ration      |       |       |     1 ||     1
Armor: Ring mail         |    43 |    35 |   112 ||   190
Dodge: Dodged            |    59 |    53 |   143 ||   255

Vault maps used:
D:1:      lemuel_arrival_lava_pool
D:2:      lemuel_statue_altar, uniq_crazy_yiuf_cottage, uniq_natasha
D:4:      minmay_temple_entry_enclosed_plants, first_bread
D:7:      old_standard_altar
D:8:      corexii_shack_village, uniq_grum, uniq_erica
Temple:   kilobyte_greek_temple

Table legend:
 A = Turns spent in this place as a percentage of turns spent in the entire game.
 B = Non-inter-level travel turns spent in this place as a percentage of non-inter-level travel turns spent in the entire game.
 C = Inter-level travel turns spent in this place as a percentage of turns spent in this place.
 D = Turns resting spent in this place as a percentage of non-inter-level travel turns spent in this place.
 E = Turns spent auto-exploring this place as a percentage of non-inter-level travel turns spent in this place.
 F = Non-inter-level travel turns spent in this place divided by the number of levels of this place that you've seen.
                   A       B       C       D       E      F
               +-------+-------+-------+-------+-------+----------------------
         Total | 100.0 | 100.0 |   0.5 |   2.3 |   9.9 | 213.0
       Dungeon |  99.5 |  99.5 |   0.4 |   2.3 |   9.9 | 238.5
        Temple |   0.5 |   0.5 |  10.0 |   0.0 |  11.1 |   9.0
               +-------+-------+-------+-------+-------+----------------------

Table legend:
 A = Kills in this place as a percentage of kills in entire the game.
 B = Kills by you in this place as a percentage of kills by you in the entire game.
 C = Kills by friends in this place as a percentage of kills by friends in the entire game.
 D = Other kills in this place as a percentage of other kills in the entire game.
 E = Experience gained in this place as a percentage of experience gained in the entire game.
 F = Experience gained in this place divided by the number of levels of this place that you have seen.
                   A       B       C       D       E      F
               +-------+-------+-------+-------+-------+----------------------
         Total | 100.0 | 100.0 |  -nan |  -nan | 100.0 | 328.3
       Dungeon | 100.0 | 100.0 |  -nan |  -nan | 100.0 | 369.4
               +-------+-------+-------+-------+-------+----------------------
